 Dungeon Crawl Stone Soup version 0.32-a0-643-ga006e7742e (webtiles) character file.

Game seed: 11527365420325729784

462 IdlyInterested the Slasher (level 6, -2/44 HPs)
             Began as a Demonspawn Gladiator on Mar 7, 2024.
             Slain by an orc
             ... wielding a +0 whip
              (3 damage)
             ... on level 5 of the Dungeon.
             The game lasted 00:10:46 (3630 turns).

IdlyInterested the Slasher (Demonspawn Gladiator)   Turns: 3630, Time: 00:10:47

Health: -2/44      AC: 10    Str: 17    XL:     6   Next: 79%
Magic:  6/6        EV:  8    Int: 10    God:
Gold:   137        SH:  0    Dex: 14    Spells: 2/5 levels left

rFire   . . .        a - +0 long sword
rCold   . . .        (no shield)
rNeg    + . .        v - +0 chain mail
rPois   .            o - +0 helmet
rElec   .            (no cloak)
rCorr   .            (no gloves)
SInv    .            A - +0 pair of boots
Will    .....        n - amulet of the acrobat Stlth
                     F - ring of positive energy
HPRegen 0.27/turn    (no ring)
MPRegen 0.10/turn

%: acrobat
@: no status effects
A: powered by death 2, big brain 1
a: no special abilities


You were on level 5 of the Dungeon.
You visited 1 branch of the dungeon, and saw 5 of its levels.

You collected 137 gold pieces.

Inventory:

Hand Weapons
 a - a +0 long sword (weapon)
 c - a +0 quarterstaff
 f - a +0 trident
 E - a +0 long sword
Missiles
 d - 3 throwing nets
 e - a javelin
 j - 83 stones (quivered)
 p - 4 poisoned darts
 s - 3 curare-tipped darts
 y - 6 boomerangs
Armour
 b - a +1 leather armour
 o - a +0 helmet (worn)
 v - a +0 chain mail (worn)
 A - a +0 pair of boots (worn)
 D - a +0 scale mail
Magical Staves
 g - a staff of earth
Jewellery
 n - an amulet of the acrobat (around neck)
 F - a ring of positive energy (left hand)
Wands
 u - a wand of flame (12)
 C - a wand of warping (8)
Scrolls
 h - a scroll of vulnerability {unknown}
 i - a scroll of butterflies {unknown}
 k - 2 scrolls of enchant armour
 r - a scroll of fog {unknown}
 w - a scroll of blinking
 z - a scroll of fear
 G - a scroll of poison
 I - a scroll of teleportation
Potions
 l - a potion of curing
 m - a potion of ambrosia {unknown}
 q - a potion of mutation {unknown}
 t - a potion of magic {unknown}
 x - a potion of brilliance {unknown}
 B - a potion of berserk rage {unknown}


   Skills:
 - Level 2.0 Fighting
 + Level 5.5 Long Blades
 - Level 2.0 Throwing
 - Level 2.0 Armour
 - Level 2.6 Dodging
 - Level 2.0 Stealth
 + Level 1.6 Earth Magic
 - Level 2.0 Evocations


You had 2 spell levels left.
You knew the following spells:

 Your Spells              Type           Power      Damage    Failure   Level
a - Passwall              Erth           3%         N/A       100%        3

Your spell library contained the following spells:

 Spells                   Type           Power      Damage    Failure   Level
 Ensorcelled Hibernation  Hex/Ice        0%         N/A       100%        2
 Swiftness                Air            0%         N/A       100%        3


Dungeon Overview and Level Annotations

Branches:
Dungeon (5/15)
 Temple: D:4-7

Altars:
Ru

Annotations:
D:5 1 runed translucent door


Innate Abilities, Weirdness & Mutations

You regenerate health from kills.
You have an unusually large brain. (Int +2)


Message History

A magic dart appears from out of thin air!
The magic dart hits you!
You hear some strange, mumbled words.
You are confused.
You bump into the crystal wall.
Something hits you but does no damage. Something hits you but does no damage.
You barely miss something.
You hear some strange, mumbled words.
You are more confused.
You bump into the crystal wall.
Something hits you but does no damage.
You hit something. Something hits you but does no damage. The orc misses you.
You bump into the crystal wall.
The orc closely misses you. Something hits you but does no damage.
You're too confused to move!
The orc hits you with a +0 war axe. Something hits you.
You bump into the crystal wall.
The orc hits you with a +0 war axe. Something hits you but does no damage.
You hit the orc.
The orc is lightly wounded.
The orc hits you with a +0 war axe. Something hits you.
You slash the orc!
You kill the orc!
Something hits you.
* * * LOW HITPOINT WARNING * * *
The orc attacks as it pursues you! The orc closely misses you.
You bump into the crystal wall.
You feel less confused. Something hits you but does no damage.
The orc hits you with a +0 whip.
* * * LOW HITPOINT WARNING * * *
You miss something. Something hits you.
* * * LOW HITPOINT WARNING * * *
The orc hits you but does no damage.
You barely miss the orc.
You hear some strange, mumbled words.
A puff of flame appears from out of thin air!
The puff of flame hits you!
* * * LOW HITPOINT WARNING * * *
The orc hits you with a +0 whip.
You die...

## #.#. #.#. #.# #.#.#.
.#.# ##.# #.#.#.# #.#.
####.#$# #.#.#.# #.#
......#o# #.#.#.. ....
...#.#.#.#.#.# ...# ..
..#.#)#.#.## +### ...
#.#o#.#.#.# .. #
...+#@#.#.#.## #
..#.#{#.#.#.# #
##.#.#.#.#.## #
#.#.#.#.#.#.# #
#####.#.#.#.#.##########
#......#.#.#.#.#.#.#.#.#
#[......#.#.#.#.#.#.#.#.
#......#################
#......#


You could see an orc.

Vanquished Creatures
  An ogre (D:5)
  A scorpion (D:5)
  A bombardier beetle (D:3)
  Natasha (thrice) (D:2)
  An iguana (D:5)
  3 hound skeletons (D:3)
  4 adders
  A howler monkey skeleton (D:3)
  A shadow imp (D:5)
  2 ufetubi (D:5)
  An adder skeleton (D:3)
  5 dart slugs
  2 ribbon worms (D:3)
  3 orcs
  5 endoplasms
  2 giant cockroaches
  9 goblins
  8 hobgoblins
  11 kobolds
  2 quokkas (D:2)
  A ball python skeleton (D:3)
  A ball python zombie (D:3)
  2 bats
  6 frilled lizards
  3 rats
79 creatures vanquished.

Notes
Turn   | Place    | Note
-------+----------+-------------------------------------------
     0 | D:1      | IdlyInterested the Demonspawn Gladiator began the quest for
                  | the Orb.
     0 | D:1      | Reached XP level 1. HP: 16/16 MP: 1/1
   121 | D:1      | Reached skill level 1 in Stealth
   149 | D:1      | Reached skill level 3 in Long Blades
   213 | D:1      | Gained mutation: You have an unusually large brain. (Int
                  | +2) [demonic ancestry]
   213 | D:1      | Reached XP level 2. HP: 20/22 MP: 2/2
   645 | D:2      | Reached skill level 1 in Evocations
   678 | D:2      | Gained mutation: You regenerate a little health from kills.
                  | [demonic ancestry]
   678 | D:2      | Reached XP level 3. HP: 24/27 MP: 3/3
   685 | D:2      | Noticed Natasha
   692 | D:2      | Killed Natasha
   693 | D:2      | Reached skill level 1 in Armour
   800 | D:2      | Noticed Natasha
   812 | D:2      | Killed Natasha
   813 | D:2      | Reached skill level 4 in Long Blades
   813 | D:2      | Reached XP level 4. HP: 23/33 MP: 4/4
   890 | D:2      | Noticed Natasha
   895 | D:2      | Killed Natasha
  1128 | D:2      | Gained mutation: You regenerate health from kills. [demonic
                  | ancestry]
  1128 | D:2      | Reached XP level 5. HP: 34/38 MP: 5/5
  1547 | D:3      | Found a sacrificial altar of Ru.
  1742 | D:3      | Found a faded altar of an unknown god.
  2184 | D:3      | Reached XP level 6. HP: 44/44 MP: 6/6
  2415 | D:4      | Reached skill level 5 in Long Blades
  2506 | D:4      | Learned a level 3 spell: Passwall
  3193 | D:5      | Entered Level 5 of the Dungeon
  3417 | D:5      | Found a runed translucent gate.
  3429 | D:5      | Reached skill level 1 in Earth Magic
  3630 | D:5      | HP: 1/44 [something/puff of flame (9)]
  3630 | D:5      | Slain by an orc

Illustrated notes

Levels and vault maps discovered:
D:1:      dpeg_arrival_morbid_curiosity, layout_rooms, minmay_tromino_i2
D:2:      layout_loops_cross, minmay_surrounded, uniq_natasha
D:3:      layout_basic, nicolae_ru_path_of_blood, serial_undead,
          serial_undead_a, serial_undead_f, serial_undead_c, serial_undead_f,
          dilly_ecumenical_altar_fadedgnrine, nicolae_elevator_lobby_plus
D:4:      layout_loops_corners
D:5:      layout_basic, makhleb_altar_promises_db, ebering_ghost_rock_garden,
          hangedman_abyss_or_decor_passed

Skill      XL: |  1  2  3  4  5  6 |
---------------+-------------------+-----
Stealth        | 1 2 |  2.0
Long Blades    | 3 4 5 |  5.5
Evocations     | 1 2 |  2.0
Armour         | 1 2 |  2.0
Throwing       | 2 |  2.0
Earth Magic    | 1 |  1.6
Fighting       | |  2.0
Dodging        | |  2.6

Action                     |  1- 3 |  4- 6 || total
---------------------------+-------+-------++-------
  Melee: Long sword        |    68 |   200 ||   268
    Use: Scroll            |     1 |     4 ||     5
         Potion            |       |     2 ||     2
   Stab: Sleeping          |     1 |     6 ||     7
 Armour: Leather armour    |    34 |   104 ||   138
         Chain mail        |       |    97 ||    97
  Dodge: Dodged            |    45 |   175 ||   220

Table legend: (Time is in decaauts)
 A = Elapsed time spent in this place.
 B = Non-inter-level travel time spent in this place.
 C = Inter-level travel time spent in this place.
 D = Time resting spent in this place.
 E = Time spent auto-exploring this place.
 F = Levels seen in this place.
 G = Mean time per level.
                   A        B        C        D        E       F      G
               +--------+--------+--------+--------+--------+-----+--------+
         Total |   3685 |   3389 |    296 |    347 |   2114 |   5 |  737.0 |
       Dungeon |   3685 |   3389 |    296 |    347 |   2114 |   5 |  737.0 |
               +--------+--------+--------+--------+--------+-----+--------+

Top non-repeatable levels by time:
     D:3: 978 daAuts
     D:2: 829 daAuts
     D:4: 793 daAuts
     D:1: 639 daAuts
     D:5: 445 daAuts
